 Dungeon Crawl Stone Soup version 0.28-a0-691-gad6df49e81 (webtiles) character file.

Game seed: 13379535740002843021

778 Rennog the Fighter (level 7, -2/121 HPs)
             Began as an Ogre Fighter on Oct 23, 2021.
             Was an Initiate of Makhleb.
             Slain by a killer bee (3 damage)
             ... on level 5 of the Dungeon.
             The game lasted 00:05:33 (5684 turns).

Rennog the Fighter (Ogre Fighter)                   Turns: 5684, Time: 00:05:34

Health: -2/121     AC: 23    Str: 21    XL:     7   Next: 85%
Magic:  7/7        EV:  1    Int:  9    God:    Makhleb [......]
Gold:   247        SH:  0    Dex: 10    Spells: 6/6 levels left

rFire   . . .      SeeInvis .   d - +2 dire flail (drain)
rCold   . . .      Faith    .   (shield currently unavailable)
rNeg    . . .      Spirit   .   (armour currently unavailable)
rPois   +          Reflect  .   (helmet currently unavailable)
rElec   .          Harm     .   (cloak currently unavailable)
rCorr   .          Rampage  .   (gloves unavailable)
Will    .....      NoTele   +   (boots unavailable)
Stlth   +.........              (no amulet)
HPRegen 0.30/turn               (no ring)
MPRegen 0.10/turn               (no ring)

@: lethally poisoned (-2 -> -4), tree-form
A: stationary, stasis, torment immunity, boosted hp, large, unfitting armour,
(tough skin 1)
a: Renounce Religion


You were on level 5 of the Dungeon.
You worshipped Makhleb.
Makhleb was noncommittal.
You were a tree.
You visited 2 branches of the dungeon, and saw 6 of its levels.

You collected 247 gold pieces.

Inventory:

Hand Weapons
 a - a +0 flail
 d - a +2 dire flail of draining (weapon)
Armour
 b - a +0 robe (melded)
 c - a +0 kite shield
Jewellery
 o - a ring of ice
Scrolls
 f - 3 scrolls of teleportation {unknown}
 g - a scroll of blinking {unknown}
 h - 2 scrolls of torment {unknown}
 i - a scroll of immolation {unknown}
 j - a scroll of vulnerability {unknown}
 l - a scroll of enchant weapon {unknown}
 m - a scroll of fog {unknown}
 n - a scroll of identify {unknown}
Potions
 p - a potion of resistance {unknown}
 q - a potion of brilliance {unknown}


   Skills:
 * Level 8.8 Fighting
 + Level 4.2 Maces & Flails
 + Level 4.6 Dodging
 - Level 2.6 Shields


You had 6 spell levels left.
You didn't know any spells.
Your spell library contained the following spells:

 Spells                   Type           Power      Damage    Failure   Level
 Frozen Ramparts          Ice            0%         1d2       77%         3
 Ice Form                 Ice/Tmut       0%         N/A       99%         4
 Summon Ice Beast         Ice/Summ       0%         N/A       99%         4


Dungeon Overview and Level Annotations

Branches:
Dungeon (5/15)             Temple (1/1) D:5

Altars:
Dithmenos
Elyvilon
Fedhas
Gozag
Hepliaklqana
Makhleb
Nemelex Xobeh
Ru
Trog
Uskayaw
Vehumet
Wu Jian
Xom


Innate Abilities, Weirdness & Mutations

You are a tree.
Your roots penetrate the ground, keeping you stationary.
You cannot be teleported.
You are immune to unholy pain and torment.
Your maximum health is greatly increased.
Your equipment is partially melded.
You are too large for most types of armour.
((You have tough skin. (AC +1)))


Message History

The killer bee poisons you! The killer bee barely misses you.
The killer bee closely misses you.
You sock the killer bee! You drain the killer bee.
The killer bee is severely wounded.
You feel very sick. The killer bee misses you.
The killer bee barely misses you. x2
The killer bee stings you.
* * * LOW HITPOINT WARNING * * *
You closely miss the killer bee.
The killer bee is heavily wounded.
You feel sick. The killer bee closely misses you. The killer bee misses you.
The killer bee stings you but does no damage.
The killer bee closely misses you.
You closely miss the killer bee.
The killer bee is heavily wounded.
You feel sick. The killer bee closely misses you. x2
The killer bee misses you. The killer bee stings you.
* * * LOW HITPOINT WARNING * * *
The killer bee stings you.
* * * LOW HITPOINT WARNING * * *
You feel better. The killer bee barely misses you. The killer bee misses you.
The killer bee barely misses you.
The killer bee stings you but does no damage.
You puncture the killer bee!
You kill the killer bee!
Makhleb accepts your kill.
The killer bee stings you but does no damage.
The killer bee closely misses you. The killer bee stings you.
* * * LOW HITPOINT WARNING * * *
You miss the killer bee. The killer bee stings you.
* * * LOW HITPOINT WARNING * * *
You are lethally poisoned!
The killer bee poisons you! The killer bee barely misses you.
It was a potion of lignification.
You turn into a tree.
Your +0 robe melds into your body.
Your roots penetrate the ground.
* * * LOW HITPOINT WARNING * * *
You feel sick.
The killer bee stings you but does no damage.
The killer bee stings you.
You die...

#..........####.......#
#..................##.#
#..................# .#
#..(...............#
#..................#
#..................#
#..................#
###..........######
#.†♣######## #.y.#
....... ######[## #.#
... #.# #..


You could see a killer bee.

Vanquished Creatures
  Edmund (D:5)
  A necrophage (D:3)
  An ogre (D:5)
  3 killer bees (D:5)
  2 hounds
  An orc priest (D:5)
  A centaur skeleton (D:4)
  Natasha (thrice) (D:4)
  A hound zombie (D:5)
  A hound skeleton (D:4)
  5 adders
  A white imp (D:5)
  An ufetubus (D:4)
  3 worms
  5 dart slugs
  4 orcs (D:4)
  10 ball pythons
  2 endoplasms (D:1)
  3 giant cockroaches
  7 hobgoblins
  2 jackals (D:4)
  4 quokkas
  5 bats
  3 frilled lizards
  6 goblins
  3 kobolds
  12 rats
91 creatures vanquished.

Notes
Turn   | Place    | Note
-------+----------+-------------------------------------------
     0 | D:1      | Rennog the Ogre Fighter began the quest for the Orb.
     0 | D:1      | Reached XP level 1. HP: 24/24 MP: 1/1
   146 | D:1      | Reached XP level 2. HP: 33/33 MP: 2/2
   637 | D:1      | You fall into a shaft and drop 1 floor!
   639 | D:2      | Reached XP level 3. HP: 41/41 MP: 3/3
   759 | D:2      | Reached skill level 5 in Fighting
  1278 | D:2      | Found an ornate altar of the Wu Jian Council.
  1516 | D:2      | Reached XP level 4. HP: 37/50 MP: 4/4
  2687 | D:3      | Noticed a necrophage
  2697 | D:3      | Killed a necrophage
  2698 | D:3      | Reached skill level 6 in Fighting
  2698 | D:3      | Reached XP level 5. HP: 46/59 MP: 5/5
  3459 | D:4      | Noticed Natasha
  3468 | D:4      | Killed Natasha
  3484 | D:4      | Reached XP level 6. HP: 27/68 MP: 6/6
  3700 | D:4      | Noticed Natasha
  3705 | D:4      | Killed Natasha
  3745 | D:4      | Noticed Natasha
  3752 | D:4      | Killed Natasha
  3753 | D:4      | Reached skill level 7 in Fighting
  4609 | D:5      | Entered Level 5 of the Dungeon
  4609 | D:5      | Noticed a sky beast
  4932 | D:5      | Found a staircase to the Ecumenical Temple.
  4940 | D:5      | Reached XP level 7. HP: 62/78 MP: 7/7
  4941 | D:5      | Noticed Edmund
  4945 | Temple   | Entered the Ecumenical Temple
  5053 | Temple   | Became a worshipper of Makhleb the Destroyer
  5081 | D:5      | Killed Edmund
  5082 | D:5      | Reached skill level 8 in Fighting
  5680 | D:5      | HP: 4/81 [killer bee (6)]
  5684 | D:5      | HP: 1/121 [poisoned by a killer bee]
  5684 | D:5      | Slain by a killer bee

Illustrated notes

Levels and vault maps discovered:
D:1:      wander_arrival_desolate, layout_loops_corners, minmay_rat_gold_closets
D:2:      layout_basic, basic_altar
D:3:      layout_rooms
D:4:      layout_basic, uniq_natasha
D:5:      layout_basic, cheibriados_altar_1, minmay_temple_entry_proselytizer,
          uniq_edmund
Temple:   nicolae_temple_god_jail

Skill      XL: |  1  2  3  4  5  6  7 |
---------------+----------------------+-----
Maces & Flails | 2 3 4 |  4.2
Dodging        | 3 4 |  4.6
Fighting       | 5 6 7 8 |  8.8
Shields        | |  2.6

Action                   |  1- 3 |  4- 6 |  7- 9 || total
-------------------------+-------+-------+-------++-------
Melee: Flail             |   107 |   198 |     9 ||   314
       Dire flail        |       |       |    28 ||    28
  Use: Potion            |       |       |     4 ||     4
 Stab: Sleeping          |     1 |     1 |       ||     2
Armor: Robe              |    37 |    50 |     8 ||    95
       Skin              |       |       |     1 ||     1
Dodge: Dodged            |    50 |    83 |    47 ||   180
Block: Kite shield       |    43 |    72 |     3 ||   118

Table legend: (Time is in decaauts)
 A = Elapsed time spent in this place.
 B = Non-inter-level travel time spent in this place.
 C = Inter-level travel time spent in this place.
 D = Time resting spent in this place.
 E = Time spent auto-exploring this place.
 F = Levels seen in this place.
 G = Mean time per level.
                   A        B        C        D        E       F      G
               +--------+--------+--------+--------+--------+-----+--------+
         Total |   5849 |   5625 |    224 |      0 |   4785 |   6 |  974.8 |
       Dungeon |   5723 |   5515 |    208 |      0 |   4695 |   5 | 1144.6 |
        Temple |    125 |    109 |     16 |      0 |     90 |   1 |  125.0 |
               +--------+--------+--------+--------+--------+-----+--------+

Top non-repeatable levels by time:
     D:4: 1336 daAuts
     D:3: 1204 daAuts
     D:1: 1152 daAuts
     D:2: 1099 daAuts
     D:5: 930 daAuts
  Temple: 125 daAuts
